Workbook

Sheet Read Me
B4: Heat Network Delivery Model Assessment Tool
B6: Purpose of this tool
B7: This tool is designed to help local authorities apply their own local priorities to the delivery model suitability appraisal set out in the Delivery Model Suitability Assessment for Small-Scale Heat Network report,
B8: published as part of the Peterborough Accelerated Net Zero (PANZ) project. It allows users to:
B10: · | C10: Apply tailored weightings to each appraisal factor (e.g. risk appetite, desire for profit-sharing, flexibility), and
B11: · | C11: Compare the three shortlisted delivery models using a consistent, evidence-based scoring framework.
B13: The tool is intended to support decision-making and discussion. It does not replace local due diligence, procurement, or legal/commercial advice.
B16: What you should edit
B17: Users should only edit the Weight column (highlighted in blue) on the Inputs & Scores sheet.
B19: · | C19: Enter a weighting for each factor (e.g. 0-10) to reflect its importance to your organisation.
B20: · | C20: Higher weights give that factor more influence in the final results.
B21: · | C21: All other cells are locked or pre-populated. They should not be changed.
B24: What stays fixed
B25: The underlying scores are fixed, as they reflect the evidence-led comparative appraisal set out in the Delivery Model Suitability Assessment. This appraisal has been informed by:
B27: · | C27: Targeted literature and industry guidance, and
B28: · | C28: Stakeholder engagement with heat network developers and investors.
B30: The purpose of this tool is not to re-score the delivery models, but to allow local authorities to apply their own priorities to their existing appraisal. More detail on the evidence base and rationale underpinning
B31: each delivery model scoring is provided in the Delivery Model Suitability Assessment report.
B34: How to interpret the results
B35: The Dashboard sheet shows the weighted results for each delivery model based on your selected weightings.
B36: A higher score indicates a stronger overall fit against your chosen priorities.
B39: Importance note on "N/A" factors: Where a factor is marked Not Applicable (N/A) for a delivery model, it is excluded from the score calculation for that model (rather than treated as a zero).
B40: To reduce the risk of accidental changes, all workbook cells have been locked except the user input cells for weightings. If you need to unlock the workbook for any reason, the password is "ESC_PANZ".

Sheet Inputs & Scores
A1: Heat Network Delivery Model Assessment Tool
A2: Assign each factor an Importance Weight from 1 to 10 to reflect how important it is to your local authority's decision-making. A weight of 1 = least important; a weight of 10 = most important.
A3: You are weighting importance, not re-scoring the delivery models. You can assign the same weighting score to more than one factor. Further guidance on how to weight each factor is available by hovering over the red triangle in the relevant Factor cell in Column A.
A5: Edit only the blue Weight cells. Results update automatically.
A8: Factor / criterion | B8: Importance Weight (0–10) (user input) | C8: Weight % | D8: Golden-share Joint Venture (JV) (RAG) | E8: Concession (RAG) | F8: Merchant (RAG) | G8: JV score (3/2/1) | H8: Concession score (3/2/1) | I8: Merchant score (3/2/1) | J8: JV weighted points | K8: Concession weighted points | L8: Merchant weighted points
A9: Suitability for small, low-IRR schemes | C9: =IF($B$20=0,0,$B9/$B$20) -> 0 | D9: Green | E9: Amber | F9: Red | G9: =IF(OR(D9="Grey",D9="N/A"),"",INDEX(Lookups!$B$2:$B$4,MATCH(D9,Lookups!$A$2:$A$4,0))) -> 3 | H9: =IF(OR(E9="Grey",E9="N/A"),"",INDEX(Lookups!$B$2:$B$4,MATCH(E9,Lookups!$A$2:$A$4,0))) -> 2 | I9: =IF(OR(F9="Grey",F9="N/A"),"",INDEX(Lookups!$B$2:$B$4,MATCH(F9,Lookups!$A$2:$A$4,0))) -> 1 | J9: =IF(G9="","",G9*N($B9)) -> 0 | K9: =IF(H9="","",H9*N($B9)) -> 0 | L9: =IF(I9="","",I9*N($B9)) -> 0
A10: Council risk appetite | C10: =IF($B$20=0,0,$B10/$B$20) -> 0 | D10: Amber | E10: Green | F10: Green | G10: =IF(OR(D10="Grey",D10="N/A"),"",INDEX(Lookups!$B$2:$B$4,MATCH(D10,Lookups!$A$2:$A$4,0))) -> 2 | H10: =IF(OR(E10="Grey",E10="N/A"),"",INDEX(Lookups!$B$2:$B$4,MATCH(E10,Lookups!$A$2:$A$4,0))) -> 3 | I10: =IF(OR(F10="Grey",F10="N/A"),"",INDEX(Lookups!$B$2:$B$4,MATCH(F10,Lookups!$A$2:$A$4,0))) -> 3 | J10: =IF(G10="","",G10*N($B10)) -> 0 | K10: =IF(H10="","",H10*N($B10)) -> 0 | L10: =IF(I10="","",I10*N($B10)) -> 0
A11: Council investment appetite | C11: =IF($B$20=0,0,$B11/$B$20) -> 0 | D11: Green | E11: Green | F11: Green | G11: =IF(OR(D11="Grey",D11="N/A"),"",INDEX(Lookups!$B$2:$B$4,MATCH(D11,Lookups!$A$2:$A$4,0))) -> 3 | H11: =IF(OR(E11="Grey",E11="N/A"),"",INDEX(Lookups!$B$2:$B$4,MATCH(E11,Lookups!$A$2:$A$4,0))) -> 3 | I11: =IF(OR(F11="Grey",F11="N/A"),"",INDEX(Lookups!$B$2:$B$4,MATCH(F11,Lookups!$A$2:$A$4,0))) -> 3 | J11: =IF(G11="","",G11*N($B11)) -> 0 | K11: =IF(H11="","",H11*N($B11)) -> 0 | L11: =IF(I11="","",I11*N($B11)) -> 0
A12: Council capability burden | C12: =IF($B$20=0,0,$B12/$B$20) -> 0 | D12: Amber | E12: Amber | F12: Green | G12: =IF(OR(D12="Grey",D12="N/A"),"",INDEX(Lookups!$B$2:$B$4,MATCH(D12,Lookups!$A$2:$A$4,0))) -> 2 | H12: =IF(OR(E12="Grey",E12="N/A"),"",INDEX(Lookups!$B$2:$B$4,MATCH(E12,Lookups!$A$2:$A$4,0))) -> 2 | I12: =IF(OR(F12="Grey",F12="N/A"),"",INDEX(Lookups!$B$2:$B$4,MATCH(F12,Lookups!$A$2:$A$4,0))) -> 3 | J12: =IF(G12="","",G12*N($B12)) -> 0 | K12: =IF(H12="","",H12*N($B12)) -> 0 | L12: =IF(I12="","",I12*N($B12)) -> 0
A13: Desire for control | C13: =IF($B$20=0,0,$B13/$B$20) -> 0 | D13: Green | E13: Amber | F13: Red | G13: =IF(OR(D13="Grey",D13="N/A"),"",INDEX(Lookups!$B$2:$B$4,MATCH(D13,Lookups!$A$2:$A$4,0))) -> 3 | H13: =IF(OR(E13="Grey",E13="N/A"),"",INDEX(Lookups!$B$2:$B$4,MATCH(E13,Lookups!$A$2:$A$4,0))) -> 2 | I13: =IF(OR(F13="Grey",F13="N/A"),"",INDEX(Lookups!$B$2:$B$4,MATCH(F13,Lookups!$A$2:$A$4,0))) -> 1 | J13: =IF(G13="","",G13*N($B13)) -> 0 | K13: =IF(H13="","",H13*N($B13)) -> 0 | L13: =IF(I13="","",I13*N($B13)) -> 0
A14: Desire for profit-sharing | C14: =IF($B$20=0,0,$B14/$B$20) -> 0 | D14: Red | E14: Amber | F14: Red | G14: =IF(OR(D14="Grey",D14="N/A"),"",INDEX(Lookups!$B$2:$B$4,MATCH(D14,Lookups!$A$2:$A$4,0))) -> 1 | H14: =IF(OR(E14="Grey",E14="N/A"),"",INDEX(Lookups!$B$2:$B$4,MATCH(E14,Lookups!$A$2:$A$4,0))) -> 2 | I14: =IF(OR(F14="Grey",F14="N/A"),"",INDEX(Lookups!$B$2:$B$4,MATCH(F14,Lookups!$A$2:$A$4,0))) -> 1 | J14: =IF(G14="","",G14*N($B14)) -> 0 | K14: =IF(H14="","",H14*N($B14)) -> 0 | L14: =IF(I14="","",I14*N($B14)) -> 0
A15: Desire for long-term asset ownership | C15: =IF($B$20=0,0,$B15/$B$20) -> 0 | D15: Red | E15: Amber | F15: Red | G15: =IF(OR(D15="Grey",D15="N/A"),"",INDEX(Lookups!$B$2:$B$4,MATCH(D15,Lookups!$A$2:$A$4,0))) -> 1 | H15: =IF(OR(E15="Grey",E15="N/A"),"",INDEX(Lookups!$B$2:$B$4,MATCH(E15,Lookups!$A$2:$A$4,0))) -> 2 | I15: =IF(OR(F15="Grey",F15="N/A"),"",INDEX(Lookups!$B$2:$B$4,MATCH(F15,Lookups!$A$2:$A$4,0))) -> 1 | J15: =IF(G15="","",G15*N($B15)) -> 0 | K15: =IF(H15="","",H15*N($B15)) -> 0 | L15: =IF(I15="","",I15*N($B15)) -> 0
A16: Exit strategy | C16: =IF($B$20=0,0,$B16/$B$20) -> 0 | D16: Green | E16: Green | F16: Grey | G16: =IF(OR(D16="Grey",D16="N/A"),"",INDEX(Lookups!$B$2:$B$4,MATCH(D16,Lookups!$A$2:$A$4,0))) -> 3 | H16: =IF(OR(E16="Grey",E16="N/A"),"",INDEX(Lookups!$B$2:$B$4,MATCH(E16,Lookups!$A$2:$A$4,0))) -> 3 | I16: =IF(OR(F16="Grey",F16="N/A"),"",INDEX(Lookups!$B$2:$B$4,MATCH(F16,Lookups!$A$2:$A$4,0))) | J16: =IF(G16="","",G16*N($B16)) -> 0 | K16: =IF(H16="","",H16*N($B16)) -> 0 | L16: =IF(I16="","",I16*N($B16))
A17: Decarbonisation & fuel poverty influence | C17: =IF($B$20=0,0,$B17/$B$20) -> 0 | D17: Green | E17: Amber | F17: Red | G17: =IF(OR(D17="Grey",D17="N/A"),"",INDEX(Lookups!$B$2:$B$4,MATCH(D17,Lookups!$A$2:$A$4,0))) -> 3 | H17: =IF(OR(E17="Grey",E17="N/A"),"",INDEX(Lookups!$B$2:$B$4,MATCH(E17,Lookups!$A$2:$A$4,0))) -> 2 | I17: =IF(OR(F17="Grey",F17="N/A"),"",INDEX(Lookups!$B$2:$B$4,MATCH(F17,Lookups!$A$2:$A$4,0))) -> 1 | J17: =IF(G17="","",G17*N($B17)) -> 0 | K17: =IF(H17="","",H17*N($B17)) -> 0 | L17: =IF(I17="","",I17*N($B17)) -> 0
A18: Simplicity / ease of deployment | C18: =IF($B$20=0,0,$B18/$B$20) -> 0 | D18: Amber | E18: Amber | F18: Green | G18: =IF(OR(D18="Grey",D18="N/A"),"",INDEX(Lookups!$B$2:$B$4,MATCH(D18,Lookups!$A$2:$A$4,0))) -> 2 | H18: =IF(OR(E18="Grey",E18="N/A"),"",INDEX(Lookups!$B$2:$B$4,MATCH(E18,Lookups!$A$2:$A$4,0))) -> 2 | I18: =IF(OR(F18="Grey",F18="N/A"),"",INDEX(Lookups!$B$2:$B$4,MATCH(F18,Lookups!$A$2:$A$4,0))) -> 3 | J18: =IF(G18="","",G18*N($B18)) -> 0 | K18: =IF(H18="","",H18*N($B18)) -> 0 | L18: =IF(I18="","",I18*N($B18)) -> 0
A19: Flexibility to adapt | C19: =IF($B$20=0,0,$B19/$B$20) -> 0 | D19: Amber | E19: Red | F19: Grey | G19: =IF(OR(D19="Grey",D19="N/A"),"",INDEX(Lookups!$B$2:$B$4,MATCH(D19,Lookups!$A$2:$A$4,0))) -> 2 | H19: =IF(OR(E19="Grey",E19="N/A"),"",INDEX(Lookups!$B$2:$B$4,MATCH(E19,Lookups!$A$2:$A$4,0))) -> 1 | I19: =IF(OR(F19="Grey",F19="N/A"),"",INDEX(Lookups!$B$2:$B$4,MATCH(F19,Lookups!$A$2:$A$4,0))) | J19: =IF(G19="","",G19*N($B19)) -> 0 | K19: =IF(H19="","",H19*N($B19)) -> 0 | L19: =IF(I19="","",I19*N($B19))
A20: Total | B20: =SUM(B9:B19) -> 0 | C20: =SUM(C9:C19) -> 0

Sheet Lookups
A1: RAG | B1: Score
A2: Green | B2: 3
A3: Amber | B3: 2
A4: Red | B4: 1
A5: Grey

Sheet Dashboard
A1: Results (weighted by your inputs)
A5: Delivery model | B5: Normalised score | C5: Raw weighted points | D5: Rank | E5: Total weight: | F5: ='Inputs & Scores'!$B$20 -> 0
A6: Golden-share Joint Venture | B6: =IF('Inputs & Scores'!$B$20=0,"",SUMPRODUCT('Inputs & Scores'!$G$9:$G$19,'Inputs & Scores'!$B$9:$B$19)/(SUMPRODUCT(--ISNUMBER('Inputs & Scores'!$G$9:$G$19),'Inputs & Scores'!$B$9:$B$19)*3)) | C6: =SUM('Inputs & Scores'!$J$9:$J$19) -> 0 | D6: =IF($B6="","",1+--($B6<$B$7)+--($B6<$B$8))
A7: Concession model | B7: =IF('Inputs & Scores'!$B$20=0,"",SUMPRODUCT('Inputs & Scores'!$H$9:$H$19,'Inputs & Scores'!$B$9:$B$19)/(SUMPRODUCT(--ISNUMBER('Inputs & Scores'!$H$9:$H$19),'Inputs & Scores'!$B$9:$B$19)*3)) | C7: =SUM('Inputs & Scores'!$K$9:$K$19) -> 0 | D7: =IF($B7="","",1+--($B7<$B$6)+--($B7<$B$8))
A8: Merchant model | B8: =IF('Inputs & Scores'!$B$20=0,"",SUMPRODUCT('Inputs & Scores'!$I$9:$I$19,'Inputs & Scores'!$B$9:$B$19)/(SUMPRODUCT(--ISNUMBER('Inputs & Scores'!$I$9:$I$19),'Inputs & Scores'!$B$9:$B$19)*3)) | C8: =SUM('Inputs & Scores'!$L$9:$L$19) -> 0 | D8: =IF($B8="","",1+--($B8<$B$6)+--($B8<$B$7))
